3A
MYRTLE BEACH SEAHAWKS @ KENNESAW JETS
09/03/2025
 
TOP OF THE 1ST
Myrtle Beach Seahawks batting - Pitching for Kennesaw Jets : LHP Mike Foltynewicz
Pitching: LHP Mike Foltynewicz
Batting: RHB Rodney Dudley 0-0: Called Strike
0-1: Called Strike
0-2: Foul Ball, location: 2F
0-2: Strikes out looking
Batting: RHB León Sánchez 0-0: Ball
1-0: Called Strike
1-1: Foul Ball, location: 2F
1-2: Strikes out swinging
Batting: RHB Juan Báez 0-0: Ball
1-0: Called Strike
1-1: Swinging Strike
1-2: Strikes out swinging
Top of the 1st over - 0 run(s), 0 hit(s), 0 error(s), 0 left on base; Myrtle Beach 0 - Kennesaw 0
BOTTOM OF THE 1ST
Kennesaw Jets batting - Pitching for Myrtle Beach Seahawks : RHP Delano Turnipseed
Pitching: RHP Delano Turnipseed
Batting: RHB Marc Beck 0-0: Ball
1-0: Foul Ball, location: 2F
1-1: Foul Ball, location: 2F
1-2: Strikes out swinging
Batting: RHB Héctor Amador 0-0: SINGLE (Groundball, 56D)
Batting: RHB Chase Mooney 0-0: Ball
1-0: Ball
2-0: Foul Ball, location: 2F
2-1: Swinging Strike
2-2: Foul Ball, location: 2F
2-2: SINGLE (Groundball, 56D)
Héctor Amador to second
Batting: LHB Raúl Godines 0-0: Ball
1-0: Ball
Héctor Amador steals 3rd base
Chase Mooney to second
2-0: Called Strike
2-1: Fly out, F7 (Flyball, 7S)
Batting: RHB Daniel Métivier 0-0: Foul Ball, location: 2F
0-1: Ground out 6-3 (Groundball, 6)
Bottom of the 1st over - 0 run(s), 2 hit(s), 0 error(s), 2 left on base; Myrtle Beach 0 - Kennesaw 0
TOP OF THE 2ND
Myrtle Beach Seahawks batting - Pitching for Kennesaw Jets : LHP Mike Foltynewicz
Batting: RHB José Morín 0-0: Ball
1-0: Ground out 4-3 (Groundball, 4M)
Batting: RHB Alejandro Santiago 0-0: Called Strike
0-1: Ball
1-1: Ball
2-1: Ball
3-1: Foul Ball, location: 2F
3-2: Strikes out swinging
Batting: RHB Gilbert Howard 0-0: Called Strike
0-1: Foul Ball, location: 2F
0-2: Ball
1-2: Foul Ball, location: 2F
1-2: Ground out 6-3 (Groundball, 6)
Top of the 2nd over - 0 run(s), 0 hit(s), 0 error(s), 0 left on base; Myrtle Beach 0 - Kennesaw 0
BOTTOM OF THE 2ND
Kennesaw Jets batting - Pitching for Myrtle Beach Seahawks : RHP Delano Turnipseed
Batting: RHB Carlos León 0-0: DOUBLE (Flyball, 89D)
Batting: LHB Nelson Martínez 0-0: Foul Ball, location: 2F
0-1: Ball
1-1: Fly out, F4 (Line Drive, 4)
Lined into DP, 4-6 (Line Drive, 4)
Batting: RHB Jeffrey Jones 0-0: Swinging Strike
0-1: Ball
1-1: Ground out 5-3 (Groundball, 56)
Bottom of the 2nd over - 0 run(s), 1 hit(s), 0 error(s), 0 left on base; Myrtle Beach 0 - Kennesaw 0
TOP OF THE 3RD
Myrtle Beach Seahawks batting - Pitching for Kennesaw Jets : LHP Mike Foltynewicz
Batting: RHB Randall Worthington 0-0: Called Strike
0-1: Ball
1-1: Ball
2-1: Swinging Strike
2-2: Ball
3-2: Foul Ball, location: 2F
3-2: Base on Balls
Batting: RHB Turner Buccigross 0-0: Ball
1-0: Called Strike
1-1: Swinging Strike
1-2: Strikes out looking
Batting: RHB Salvador Morales 0-0: Ball
1-0: Ball
2-0: Ball
3-0: Called Strike
3-1: Swinging Strike
3-2: Base on Balls
Randall Worthington to second
Batting: RHB Rodney Dudley 0-0: Foul Ball, location: 2F
0-1: Ball
1-1: Swinging Strike
1-2: Strikes out swinging
Batting: RHB León Sánchez 0-0: Called Strike
0-1: Ground out 6-3 (Groundball, 6M)
Top of the 3rd over - 0 run(s), 0 hit(s), 0 error(s), 2 left on base; Myrtle Beach 0 - Kennesaw 0
BOTTOM OF THE 3RD
Kennesaw Jets batting - Pitching for Myrtle Beach Seahawks : RHP Delano Turnipseed
Batting: LHB John Satcher 0-0: SINGLE (Line Drive, 4) (infield hit)
Batting: RHB Marc Beck 0-0: SINGLE (Groundball, 4MD)
John Satcher to second
Batting: RHB Héctor Amador 0-0: Ball
1-0: Ball
2-0: Called Strike
2-1: Grounds into double play, 6-4-3 (Groundball, 6M)
John Satcher to third
Batting: RHB Chase Mooney 0-0: Swinging Strike
0-1: Swinging Strike
0-2: Ball
1-2: Ground out 5-3 (Groundball, 56S)
Bottom of the 3rd over - 0 run(s), 2 hit(s), 0 error(s), 1 left on base; Myrtle Beach 0 - Kennesaw 0
TOP OF THE 4TH
Myrtle Beach Seahawks batting - Pitching for Kennesaw Jets : LHP Mike Foltynewicz
Batting: RHB Juan Báez 0-0: Fly out, F8 (Line Drive, 8LXD)
Batting: RHB José Morín 0-0: Called Strike
0-1: Ball
1-1: Called Strike
1-2: Ball
2-2: Strikes out swinging
Batting: RHB Alejandro Santiago 0-0: Ball
1-0: Ball
2-0: Foul Ball, location: 2F
2-1: Ball
3-1: Called Strike
3-2: SINGLE (Groundball, 4D)
Batting: RHB Gilbert Howard 0-0: Ball
1-0: Ball
2-0: Ball
3-0: Base on Balls
Alejandro Santiago to second
Batting: RHB Randall Worthington 0-0: DOUBLE (Groundball, 5L)
Alejandro Santiago scores
Gilbert Howard to third
Runner from 3rd tries for Home, SAFE, no throw
Batting: RHB Turner Buccigross 0-0: Called Strike
0-1: Ball
1-1: Ball
2-1: Swinging Strike
2-2: Ball
3-2: Foul Ball, location: 2F
3-2: Base on Balls
Batting: RHB Salvador Morales 0-0: Ball
1-0: Ground out 5-3 (Groundball, 5S)
Top of the 4th over - 2 run(s), 2 hit(s), 0 error(s), 2 left on base; Myrtle Beach 2 - Kennesaw 0
BOTTOM OF THE 4TH
Kennesaw Jets batting - Pitching for Myrtle Beach Seahawks : RHP Delano Turnipseed
Batting: LHB Raúl Godines 0-0: Fly out, F9 (Line Drive, 9)
Batting: RHB Daniel Métivier 0-0: Called Strike
0-1: SINGLE (Line Drive, 4M)
Batting: RHB Carlos León 0-0: Called Strike
0-1: Ball
1-1: Swinging Strike
1-2: Ball
2-2: Fly out, F8 (Flyball, 8RS)
Batting: LHB Nelson Martínez 0-0: Fly out, F8 (Flyball, 78M)
Bottom of the 4th over - 0 run(s), 1 hit(s), 0 error(s), 1 left on base; Myrtle Beach 2 - Kennesaw 0
TOP OF THE 5TH
Myrtle Beach Seahawks batting - Pitching for Kennesaw Jets : LHP Mike Foltynewicz
Batting: RHB Rodney Dudley 0-0: Ball
1-0: Ground out 5-3 (Groundball, 56)
Batting: RHB León Sánchez 0-0: Foul Ball, location: 2F
0-1: Swinging Strike
0-2: Ball
1-2: Strikes out swinging
Batting: RHB Juan Báez 0-0: Ball
1-0: Ground out 6-3 (Groundball, 6)
Top of the 5th over - 0 run(s), 0 hit(s), 0 error(s), 0 left on base; Myrtle Beach 2 - Kennesaw 0
BOTTOM OF THE 5TH
Kennesaw Jets batting - Pitching for Myrtle Beach Seahawks : RHP Delano Turnipseed
Batting: RHB Jeffrey Jones 0-0: Ball
1-0: Foul Ball, location: 2F
1-1: SINGLE (Line Drive, 8RS)
Batting: LHB John Satcher 0-0: Foul Ball, location: 2F
0-1: Grounds into double play, 4-6-3 (Groundball, 4)
Batting: RHB Marc Beck 0-0: Ball
1-0: Swinging Strike
1-1: Foul Ball, location: 2F
1-2: Ball
2-2: Foul Ball, location: 2F
2-2: Ball
3-2: Foul Ball, location: 2F
3-2: SINGLE (Line Drive, 78S)
Batting: RHB Héctor Amador 0-0: Ball
Marc Beck steals 2nd base
1-0: Called Strike
1-1: Fly out, F5 (Line Drive, 5)
Bottom of the 5th over - 0 run(s), 2 hit(s), 0 error(s), 1 left on base; Myrtle Beach 2 - Kennesaw 0
TOP OF THE 6TH
Myrtle Beach Seahawks batting - Pitching for Kennesaw Jets : LHP Mike Foltynewicz
Batting: RHB José Morín 0-0: Ball
1-0: Foul Ball, location: 2F
1-1: Foul Ball, location: 2F
1-2: Strikes out swinging
Batting: RHB Alejandro Santiago 0-0: Fly out, F3 (Line Drive, 3L)
Batting: RHB Gilbert Howard 0-0: Ball
1-0: Foul Ball, location: 2F
1-1: SINGLE (Groundball, 6S) (infield hit)
Batting: RHB Randall Worthington 0-0: Called Strike
0-1: Ball
1-1: Foul Ball, location: 2F
1-2: Ball
2-2: Strikes out looking
Top of the 6th over - 0 run(s), 1 hit(s), 0 error(s), 1 left on base; Myrtle Beach 2 - Kennesaw 0
BOTTOM OF THE 6TH
Kennesaw Jets batting - Pitching for Myrtle Beach Seahawks : RHP Delano Turnipseed
Batting: RHB Chase Mooney 0-0: Ball
1-0: SINGLE (Groundball, 56D)
Batting: LHB Raúl Godines 0-0: Called Strike
0-1: Ball
1-1: Ball
2-1: Ball
3-1: Fly out, F8 (Flyball, 89M)
Batting: RHB Daniel Métivier 0-0: Ball
1-0: Ball
2-0: SINGLE (Groundball, 6MD)
Chase Mooney to second
Batting: RHB Carlos León 0-0: Fly out, F8 (Flyball, 89M)
Batting: LHB Nelson Martínez 0-0: Called Strike
0-1: Ball
1-1: Reached on error, E6 (Groundball, 6)
Chase Mooney to third
Daniel Métivier to second
Batting: RHB Jeffrey Jones 0-0: Foul Ball, location: 2F
0-1: Ball
1-1: Ball
2-1: Ball
3-1: Called Strike
3-2: Foul Ball, location: 2F
3-2: SINGLE (Groundball, 56S) (infield hit)
Chase Mooney scores
Daniel Métivier to third
Nelson Martínez to second
Pitching: RHP Carlos Ibarra
Batting: LHB John Satcher 0-0: Foul Ball, location: 2F
0-1: Ball
1-1: Ball
2-1: SINGLE (Groundball, 34D)
Daniel Métivier scores
Nelson Martínez to third
Jeffrey Jones to second
Runner from 3rd tries for Home, SAFE, no throw
Batting: RHB Marc Beck 0-0: Ball
1-0: Called Strike
1-1: Called Strike
1-2: Strikes out swinging
Bottom of the 6th over - 3 run(s), 4 hit(s), 1 error(s), 2 left on base; Myrtle Beach 2 - Kennesaw 3
TOP OF THE 7TH
Myrtle Beach Seahawks batting - Pitching for Kennesaw Jets : LHP Mike Foltynewicz
Batting: RHB Turner Buccigross 0-0: Fly out, F7 (Flyball, 78S)
Batting: RHB Salvador Morales 0-0: Ball
1-0: Ball
2-0: Swinging Strike
2-1: Ball
3-1: Foul Ball, location: 2F
3-2: Strikes out swinging
Batting: RHB Rodney Dudley 0-0: Fly out, F8 (Flyball, 8LM)
Top of the 7th over - 0 run(s), 0 hit(s), 0 error(s), 0 left on base; Myrtle Beach 2 - Kennesaw 3
BOTTOM OF THE 7TH
Kennesaw Jets batting - Pitching for Myrtle Beach Seahawks : RHP Carlos Ibarra
Batting: RHB Héctor Amador 0-0: Ball
1-0: Foul Ball, location: 2F
1-1: Foul Ball, location: 2F
1-2: Foul Ball, location: 2F
1-2: Ball
2-2: Ball
3-2: Ground out 5-3 (Groundball, 56S)
Batting: RHB Chase Mooney 0-0: Called Strike
0-1: DOUBLE (Line Drive, 7LM)
Pinch Hitting: LHB Jim Unknown 0-0: Intentional Walk
Pinch Hitting: RHB Pedro Clemente 0-0: Ball
1-0: Foul Ball, location: 2F
1-1: Fly out, F9 (Flyball, 9LM)
Pinch Hitting: LHB Jim Unknown 0-0: Called Strike
0-1: Foul Ball, location: 2F
0-2: Fly out, F3 (Line Drive, 34)
Bottom of the 7th over - 0 run(s), 1 hit(s), 0 error(s), 2 left on base; Myrtle Beach 2 - Kennesaw 3
TOP OF THE 8TH
Myrtle Beach Seahawks batting - Pitching for Kennesaw Jets : LHP Mike Foltynewicz
Now at 1B: Pedro Clemente
Now at SS: Ben Simpson
Now in LF: Jim Unknown
Batting: RHB León Sánchez 0-0: Ball
1-0: Foul Ball, location: 2F
1-1: Ground out 5-3 (Groundball, 5S)
Batting: RHB Juan Báez 0-0: Ball
1-0: Called Strike
1-1: DOUBLE (Line Drive, 78XD)
Batting: RHB José Morín 0-0: Fly out, F9 (Flyball, 9)
Batting: RHB Alejandro Santiago 0-0: Foul Ball, location: 2F
0-1: Ball
1-1: Ball
2-1: Ball
3-1: Foul Ball, location: 2F
3-2: SINGLE (Groundball, 4D)
Juan Báez to third
Juan Báez scores
Pitching: LHP Josh Gilbert
Pinch Runner at 1st Jim Unknown:
Batting: RHB Gilbert Howard 0-0: Called Strike
0-1: Ball
1-1: Ball
Jim Unknown is caught stealing 2nd base
Top of the 8th over - 1 run(s), 2 hit(s), 0 error(s), 0 left on base; Myrtle Beach 3 - Kennesaw 3
BOTTOM OF THE 8TH
Kennesaw Jets batting - Pitching for Myrtle Beach Seahawks : RHP Carlos Ibarra
Now at 1B: Jim Unknown
Batting: LHB Nelson Martínez 0-0: Called Strike
0-1: Foul Ball, location: 2F
0-2: Strikes out swinging
Pinch Hitting: RHB Jim Unknown 0-0: Ball
1-0: SINGLE (Line Drive, 4MD)
Batting: LHB John Satcher 0-0: Ball
1-0: Foul Ball, location: 2F
1-1: Ball
Jim Unknown steals 2nd base
2-1: Intentional Walk
Batting: RHB Marc Beck 0-0: Ball
1-0: Ball
2-0: Called Strike
2-1: Sac Bunt - play at third, runner OUT! 1-5
John Satcher to second
Pitching: RHP Manny Montáñez
Pinch Hitting: RHB Jim Unknown 0-0: Ball
1-0: Ball
2-0: 3-RUN HOME RUN (Line Drive, 7D), Distance : 371 ft
Batting: RHB Chase Mooney 0-0: Swinging Strike
0-1: Ball
1-1: Ball
2-1: Ball
3-1: Fly out, F8 (Flyball, 78S)
Bottom of the 8th over - 3 run(s), 2 hit(s), 0 error(s), 0 left on base; Myrtle Beach 3 - Kennesaw 6
TOP OF THE 9TH
Myrtle Beach Seahawks batting - Pitching for Kennesaw Jets : LHP Josh Gilbert
Now at 2B: Bennett Whitaker
Now at 3B: Jim Unknown
Batting: RHB Gilbert Howard 0-0: Ball
1-0: Fly out, F8 (Flyball, 78D)
Batting: RHB Randall Worthington 0-0: Ball
1-0: Foul Ball, location: 2F
1-1: Swinging Strike
1-2: Foul Ball, location: 2F
1-2: Ball
2-2: Strikes out swinging
Batting: RHB Turner Buccigross 0-0: Swinging Strike
0-1: Called Strike
0-2: Strikes out swinging
Top of the 9th over - 0 run(s), 0 hit(s), 0 error(s), 0 left on base; Myrtle Beach 3 - Kennesaw 6
Friday, December 30th, 2016 - OOTP Baseball 17.12 Build 75